 Dungeon Crawl Stone Soup version 0.17.1-1-g73c8601 (webtiles) character file.

158 JustSomeDude the Insei (level 5, -7/42 HPs)
             Began as a Demonspawn Monk on Dec 23, 2015.
             Killed from afar by an orc wizard (9 damage)
             ... with a magic dart
             ... on level 3 of the Dungeon.
             The game lasted 00:08:28 (2000 turns).

JustSomeDude the Insei (Demonspawn Monk)            Turns: 2000, Time: 00:08:29

Health: -7/42      AC:  1    Str: 11    XL:     5   Next: 16%
Magic:  5/5        EV: 13    Int: 12    God:
Gold:   92         SH:  6    Dex: 16    Spells: 0 memorised, 4 levels left

rFire  x . .     SeeInvis .       - Unarmed
rCold  + . .     Clarity  .     n - -1 robe (curse)
rNeg   . . .     SustAt   .     i - +2 buckler
rPois  .         Gourm    .     (no helmet)
rElec  .         Spirit   .     (no cloak)
rCorr  .         Warding  .     (no gloves)
rMut   .         Stasis   .     (no boots)
MR     +....                    (no amulet)
Stlth  ++........               j - ring of protection from magic
                                h - ring of ice

@: somewhat resistant to hostile enchantments, unstealthy
A: hooves 1
a: no special abilities


You were on level 3 of the Dungeon.
You were not hungry.

You visited 1 branch of the dungeon, and saw 3 of its levels.

You collected 92 gold pieces.

Inventory:

Armour
 a - a +0 robe
 i - a +2 buckler (worn)
 m - a +1 ring mail
 n - a cursed -1 robe (worn)
Jewellery
 e - an uncursed amulet of regeneration
 h - a ring of ice (left hand)
 j - a ring of protection from magic (right hand)
 l - an uncursed ring of see invisible {unknown}
Scrolls
 k - a scroll of magic mapping
 o - 2 scrolls of identify
Potions
 f - a potion of flight {unknown}
Books
 c - a book of Power

   Spells                             Type                      Level
   a - Fulminant Prism                Conjuration/Hexes            4
   b - Iskenderun's Mystic Blast      Conjuration                  4
   c - Venom Bolt                     Conjuration/Poison           5
   d - Bolt of Magma                  Conjuration/Fire/Earth       5
   e - Iron Shot                      Conjuration/Earth            6
   f - Orb of Destruction             Conjuration                  7
   g - Spellforged Servitor           Conjuration/Summoning        7
Comestibles
 b - 2 bread rations
 g - a meat ration


   Skills:
 + Level 3.7 Fighting
 + Level 3.6 Dodging
 + Level 2.2 Stealth
 * Level 1.6 Shields
 + Level 4.2 Unarmed Combat


You had 4 spell levels left.
You didn't know any spells.

Dungeon Overview and Level Annotations

Branches:
Dungeon (3/15)

Altars:
Makhleb


Innate Abilities, Weirdness & Mutations

You have large cloven feet.


Message History

The orc wizard barely misses you.
You barely miss the orc wizard.
You kick the orc wizard, but do no damage.
The orc wizard barely misses you.
You hit the orc wizard but do no damage.
The orc wizard gestures at you while chanting.
The puff of flame misses you.
You hit the orc wizard. Your kick misses the orc wizard.
The orc wizard is moderately wounded.
The orc wizard hits you with a dagger.
* * * LOW HITPOINT WARNING * * *
You closely miss the orc wizard. Your kick misses the orc wizard.
The orc wizard is moderately wounded.
You block the orc wizard's attack.
You barely miss the orc wizard.
You kick the orc wizard, but do no damage.
The orc wizard is moderately wounded.
The orc wizard points at you and mumbles some strange words.
The magic dart hits you!
You die...

** #...#...## *,* ******** ,*
#.<.##### *,* ,* #..)######
*,************
.#######........###*,,,,,,,,,,,<*
..................#*,*****,,,,,,*
..................#*,**,,,,,,,,,*
..................#*,,,,,*,,,,,,*
.#######.........##*,**,**,,,,,,*
,* ##...#####@# *,,,,,,,****** **
#......###o###***,****
####....#.#...).# *,*
#<......#.#.....#***,*
#.#.......#.>......,,* ****
#.#.....#.#..<..####,* *,,,
####.........#.....#* *,******,*,
.......#............* *,,,,,**>*,
.........##..######.# *****,,,,,,


You could see an orc wizard.

Vanquished Creatures
  A hound (D:2)
  3 adders
  4 gnolls
  2 oozes (D:2)
  A worm (D:3)
  A giant gecko (D:1)
  2 orcs (D:3)
  3 bats
  3 giant cockroaches (D:1)
  7 goblins
  8 hobgoblins
  A ball python (D:2)
  3 giant newts
  6 kobolds
  8 rats
53 creatures vanquished.

Notes
Turn   | Place    | Note
--------------------------------------------------------------
     0 | D:1      | JustSomeDude the Demonspawn Monk began the quest for the Orb.
     0 | D:1      | Reached XP level 1. HP: 18/18 MP: 1/1
   141 | D:1      | Gained mutation: You have large cloven feet. [demonic ancestry]
   141 | D:1      | Reached XP level 2. HP: 16/24 MP: 2/2
   459 | D:1      | Reached XP level 3. HP: 29/29 MP: 3/3
   740 | D:2      | Reached skill level 4 in Unarmed Combat
   776 | D:2      | Found a burning altar of Makhleb.
   794 | D:2      | Reached skill level 1 in Shields
   794 | D:2      | Reached XP level 4. HP: 6/35 MP: 4/4
  1730 | D:3      | Reached XP level 5. HP: 13/42 MP: 5/5
  1998 | D:3      | HP: 2/42 [orc wizard/dagger (5)]
  2000 | D:3      | Killed from afar by an orc wizard

Action                   |  1- 3 |  4- 6 || total
-------------------------+-------+-------++-------
Melee: Unarmed           |    94 |   108 ||   202
       Spear             |       |    23 ||    23
  Use: Potion            |     3 |     2 ||     5
       Scroll            |       |     7 ||     7
 Stab: Sleeping          |     3 |     2 ||     5
       Invisible         |     1 |       ||     1
       Distracted        |       |     1 ||     1
  Eat: Pizza             |       |     1 ||     1
       Chunk             |       |     1 ||     1
       Meat ration       |       |     1 ||     1
